 Dungeon Crawl Stone Soup version 0.20-a0-540-ge6d1839 (webtiles) character file.

152 polly the Magician (level 5, 0/24 HPs)
             Began as a Spriggan Conjurer on Jan 30, 2017.
             Slain by a goblin (2 damage)
             ... led by Robin
             ... on level 2 of the Dungeon.
             The game lasted 00:07:37 (2940 turns).

polly the Magician (Spriggan Conjurer)              Turns: 2940, Time: 00:07:37

Health: 0/24       AC:  4    Str:  9    XL:     5   Next: 11%
Magic:  11/12      EV: 19    Int: 18    God:
Gold:   103        SH:  0    Dex: 16    Spells: 11/12 levels left

rFire    . . .     SeeInvis +   k - +0 dagger
rCold    . . .     Gourm    .   p - +0 robe
rNeg     . . .     Faith    .   (shield restricted)
rPois    .         Spirit   .   (helmet restricted)
rElec    .         Reflect  .   g - +1 cloak
rCorr    .         Harm     .   (gloves unavailable)
MR       .....                  (boots unavailable)
Stlth    +++.......             (no amulet)
Regen    0.1/turn               (no ring)
                                (no ring)

@: mighty, very quick
A: unfitting armour, see invisible, herbivore 3, speed 3, slow metabolism 2
a: no special abilities


You were on level 2 of the Dungeon.
You were not hungry.

You visited 1 branch of the dungeon, and saw 3 of its levels.

You collected 103 gold pieces.

Inventory:

Hand Weapons
 k - a +0 dagger (weapon)
Armour
 g - a +1 cloak (worn)
 p - a +0 robe (worn)
Scrolls
 d - a scroll of identify
 m - a scroll of amnesia
Potions
 e - a potion of haste {unknown}
 f - a potion of mutation
 i - a potion of invisibility {unknown}
 l - a potion of heal wounds {unknown}
 n - a potion of brilliance {unknown}
 o - a potion of might
 q - a potion of resistance {unknown}
Books
 b - a book of Conjurations

   Spells                             Type                      Level
   a - Magic Dart                     Conjuration                  1
   b - Searing Ray                    Conjuration                  2
   c - Dazzling Spray                 Conjuration/Hexes            3
   d - Fulminant Prism                Conjuration/Hexes            4
   e - Iskenderun's Mystic Blast      Conjuration                  4
   f - Iskenderun's Battlesphere      Conjuration/Charms           5
Comestibles
 c - a bread ration


   Skills:
 + Level 0.2 Fighting
 + Level 1.2 Short Blades
 + Level 3.4 Dodging
 + Level 3.8 Stealth
 + Level 4.0 Spellcasting
 + Level 4.0 Conjurations


You had 11 spell levels left.
You knew the following spells:

 Your Spells              Type           Power        Failure   Level  Hunger
a - Magic Dart            Conj           ###.         2%          1    None


Dungeon Overview and Level Annotations

Branches:
Dungeon (3/15)

Altars:
Trog

Annotations:
D:3 Robin


Innate Abilities, Weirdness & Mutations

You are very small and have problems with some larger weapons.
You are too small for most types of armour.
You have supernaturally acute eyesight. (SInv)
You are a herbivore.
You cover ground extremely quickly.
You need consume almost no food.


Message History

The goblin misses you. The goblin hits you but does no damage.
The goblin barely misses you. The goblin hits you.
* * * LOW HITPOINT WARNING * * *
Casting: Magic Dart
Confirm with . or Enter, or press ? or * to list all spells.
Aiming: Magic Dart
Press: ? - help, Shift-Dir - straight line, f - goblin
Aim: a goblin, wielding a dagger (unusually strong)
The magic dart hits the goblin.
The goblin is severely wounded.
The goblin completely misses you. The hobgoblin closely misses you.
The goblin barely misses you. The goblin misses you. The goblin hits you.
* * * LOW HITPOINT WARNING * * *
The goblin hits you but does no damage. The goblin hits you.
* * * LOW HITPOINT WARNING * * *
It was a potion of might.
You feel very mighty all of a sudden. The goblin hits you but does no damage.
The hobgoblin closely misses you. The goblin misses you.
The goblin closely misses you. The goblin hits you.
You die...

.........# ########.#.P...#.#
.........# #######.#.# .........#
#.#.#####
.........################........
...#.#......................#.###
.....#..#..##.............###.#
...#.#..#..#...).....#.##.....#
...#.#..#..#...g#g##.#.....##.#
...#.#..#......g@g##.#..#..##.#
...............ggg.........##.#
.....#.#....##..#......(......#
...#.#.#....##.........##..##.###
.#.#.#.#....##..................#
.#.#.#............<.......#####.#
.#.....####.##..................#
.#.....# #..................###.#
.#.....####.##.#...........## #.#


You could see a hobgoblin and 6 goblins.

Vanquished Creatures
  Crazy Yiuf (D:2)
  Ijyb (D:2)
  A gnoll (D:1)
  4 adders (D:2)
  An ooze (D:2)
  2 worms (D:2)
  3 leopard geckos
  A giant cockroach (D:1)
  12 goblins
  3 hobgoblins
  A kobold (D:2)
  A quokka (D:2)
  5 bats
  A frilled lizard (D:1)
  9 rats
46 creatures vanquished.

Notes
Turn   | Place    | Note
-------+----------+-------------------------------------------
     0 | D:1      | polly the Spriggan Conjurer began the quest for the Orb.
     0 | D:1      | Reached XP level 1. HP: 9/9 MP: 5/5
   204 | D:1      | Reached XP level 2. HP: 10/13 MP: 2/6
   903 | D:1      | Reached XP level 3. HP: 11/16 MP: 8/8
  1102 | D:2      | Noticed Ijyb
  1129 | D:2      | Killed Ijyb
  1207 | D:2      | Reached XP level 4. HP: 20/21 MP: 1/10
  1741 | D:2      | Reached skill level 1 in Short Blades
  2003 | D:2      | Found a runed door.
  2383 | D:2      | Found a bloodstained altar of Trog.
  2838 | D:2      | Noticed Crazy Yiuf
  2844 | D:2      | Killed Crazy Yiuf
  2844 | D:2      | Reached XP level 5. HP: 22/24 MP: 9/12
  2881 | D:3      | Noticed Robin
  2940 | D:2      | Slain by a goblin

Vault maps used:
D:1:      dpeg_arrival_tiny_a
D:2:      lightli_temple_of_fire, uniq_iyjb, uniq_crazy_yiuf_cottage
D:3:      old_standard_altar, nicolae_overflow_hidden_temple, uniq_terence,
          uniq_robin

Skill      XL: |  1  2  3  4 |
---------------+-------------+-----
Conjurations   | 3 4 |  4.0
Spellcasting   | 3 4 |  4.0
Short Blades   | 1 |  1.2
Fighting       | |  0.2
Dodging        | |  3.4
Stealth        | |  3.8

Action                   |  1- 3 |  4- 6 || total
-------------------------+-------+-------++-------
Melee: Unarmed           |     5 |       ||     5
       Dagger            |    62 |    69 ||   131
 Cast: Magic Dart        |    41 |    50 ||    91
  Use: Scroll            |       |     4 ||     4
       Potion            |       |     1 ||     1
 Stab: Sleeping          |     1 |     2 ||     3
Armor: Robe              |    12 |    11 ||    23
Dodge: Dodged            |    86 |    93 ||   179
